cohdb
Replays
Latest Replays
All Replays
Popular Replays
Top Player Replays
Match Explorer
How It Works
Community
CoH3 Stats
Reddit
Sign in to upload your games and track your stats! →
Sign in with Steam
Match 41614070
Unlisted
Match 41614070
Overview
Messages
Build Orders
End
Pioneer Squad
Construct Infanterie Kompanie
Grenadier Squad
Selects Mechanized Battlegroup
MG 42 Machine Gun Team
Grenadier Squad
GrW 34 Mortar Team
Infanterie Officer Quarters
Selects Mobile Repair Stations
Construct Panzergrenadier Kompanie
Pak 40 Anti-tank Gun Team
251 Medium Carrier
Grenadier Squad
DangerouslyDumb
Right Click God
JX7
FriendlyBacon
Sponge Bob
bl4ckjack
CalmSassarShow
rune41
0
0
Comments
sign in to comment!
No comments posted yet!